Map: Remanso LE

Players

IagoAbreu

  • Race: Zerg Zerg
  • League: Gold
  • Spawn Location: 11:00

Holynex - Winner!

  • Race: Terran Terran
  • Spawn Location: 5:00

VOD

Have the link to the VOD?

Description

Time

  • Played on: April 3, 2018, 10:34 p.m.
  • Length: 30:01
Show
View Real Time Build Order
Export as new Build Order

IagoAbreu Zerg 

Build Orders: Pool First 

Get SALT Encoding   

  12  0:02  Drone  
  13  0:12  Drone  
  14  0:19  Overlord  
  14  0:35  Spawning Pool  
  13  0:38  Drone  
  14  0:43  Drone  
  14  0:46  Drone  
  16  1:08  Drone  
  17  1:13  Hatchery  
  17  1:16  Drone  
  17  1:24  Zergling x2  
  17  1:25  Zergling x2  
  19  1:33  Queen  
  19  1:37  Extractor  
  20  1:53  Drone x2  
  22  1:58  Roach Warren  
  21  2:02  Drone  
  22  2:21  Overlord  
  22  2:24  Overlord  
  22  2:33  Evolution Chamber  
  21  2:46  Roach x4  
  21  2:48  Zergling x2  
  30  2:58  Drone x3  
  33  3:19  Roach x3  
  39  3:29  Drone x5  
  44  3:34  Extractor  
  44  3:35  Drone  
  44  3:45  Overlord  
  44  3:48  Zerg Missile Weapons Level 1  
  44  3:55  Overlord  
  44  4:03  Queen  
  40  4:31  Queen  
  40  4:37  Roach x3  
  40  4:38  Roach x3  
  54  4:43  Drone x2  
  56  4:46  Drone  
  55  5:09  Ravager x2  
  55  5:10  Ravager  
  58  5:25  Roach  
  60  5:28  Overlord  
  60  5:29  Overlord x2  
  60  5:35  Extractor  
  59  5:38  Extractor  
  58  5:48  Ravager x3  
  61  5:54  Drone x2  
  61  5:55  Drone x3  
  66  5:58  Roach  
  66  5:59  Roach  
  66  6:00  Zergling x10  
  75  6:14  Overlord x3  
  75  6:32  Hatchery  
  74  6:38  Roach  
  76  6:42  Drone x2  
  76  6:46  Drone  
  79  6:49  Drone  
  80  7:03  Drone x4  
  80  7:04  Drone  
  85  7:25  Ravager x5  
  85  7:26  Ravager x2  
  85  7:29  Overlord  
  92  7:30  Overlord x2  
  92  7:43  Queen  
  94  7:51  Drone  
  95  7:56  Zergling x4  
  95  7:57  Roach x5  
  107  8:03  Ravager  
  108  8:23  Roach x4  
  115  8:38  Overlord x2  
  84  9:04  Zergling x8, Overlord x2  
  73  9:25  Overlord  
  73  9:26  Drone x2  
  62  10:20  Hatchery  
  61  10:23  Hatchery  
  61  10:25  Hatchery  
  59  10:36  Roach Warren  
  58  11:24  Roach x6  
  58  11:25  Roach x2, Zergling x10  
  74  11:26  Zergling x10  
  80  11:52  Queen  
  84  11:55  Drone x3  
  80  12:11  Zergling x14  
  80  12:15  Zergling x6  
  85  12:20  Roach Warren  
  80  13:08  Roach x4  
  80  13:12  Ravager x6  
  93  13:13  Ravager x7  
  93  13:14  Ravager  
  93  13:15  Hatchery  
  93  13:17  Roach x5  
  111  13:20  Hatchery  
  111  13:25  Roach  
  112  13:29  Burrow  
  112  13:46  Ravager x3  
  112  13:47  Ravager x3  
  118  14:19  Roach x6  
  118  14:20  Roach x2  
  134  14:27  Ravager x2  
  136  14:36  Drone  
  137  14:43  Drone  
  138  14:48  Drone  
  138  14:51  Drone  
  140  14:54  Drone x2  
  140  14:58  Extractor  
  141  15:00  Extractor  
  141  15:03  Ravager x3  
  143  15:14  Drone x2  
  143  15:20  Drone x2  
  147  15:36  Ravager x3  
  150  15:45  Drone x2  
  150  15:46  Drone  
  150  15:48  Drone x3  
  82  17:06  Spawning Pool  
  30  17:56  Drone  
  30  17:57  Drone x2, Queen, Roach Warren  
  33  18:09  Queen x2  
  37  18:15  Zergling x8  
  37  18:16  Zergling x12  
  37  18:17  Zergling x12  
  37  18:18  Zergling x12  
  37  18:19  Zergling x4  
  61  18:25  Metabolic Boost  
  61  18:30  Evolution Chamber  
  61  18:31  Drone x2  
  62  18:34  Drone  
  63  18:56  Queen  
  63  19:00  Zerg Melee Weapons Level 1  
  63  19:01  Lair  
  65  19:09  Spore Crawler  
  64  19:28  Roach x7  
  64  19:29  Roach x5  
  64  19:30  Zergling x4  
  87  19:54  Roach x3  
  85  20:00  Roach  
  83  20:16  Ravager x2  
  83  20:17  Ravager x6  
  83  20:20  Roach x4  
  99  20:25  Ravager  
  99  20:26  Ravager x2  
  102  21:03  Hydralisk Den  
  101  21:10  Roach x2  
  101  21:11  Roach x7  
  115  21:14  Queen  
  121  21:43  Ravager x4  
  121  21:44  Ravager x2  
  127  21:54  Extractor  
  127  21:57  Extractor  
  125  22:10  Ravager x2  
  127  22:21  Hydralisk  
  129  22:24  Hydralisk  
  129  22:26  Zergling x4  
  129  22:27  Zergling x16  
  141  23:14  Hatchery  
  140  23:27  Drone  
  140  23:28  Drone x5  
  140  23:32  Zerg Melee Weapons Level 2  
  146  23:35  Hydralisk  
  146  23:38  Overlord x3  
  142  23:53  Overseer  
  138  23:56  Overseer x3  
  138  24:00  Hydralisk x2  
  138  24:01  Hydralisk x4  
  143  24:04  Zergling x4  
  139  24:19  Hydralisk x2  
  139  24:20  Hydralisk  
  134  24:42  Hydralisk x2  
  136  24:46  Drone  
  136  24:47  Drone  
  136  24:48  Queen  
  140  25:03  Hydralisk x2  
  76  26:07  Hydralisk  
  76  26:08  Hydralisk x5  
  88  26:18  Drone  
  88  26:19  Drone x2  
  88  26:23  Hatchery  
  90  26:30  Overseer  
  90  26:31  Overseer  
  90  27:11  Drone x3  
  90  27:12  Drone x2  
  90  27:14  Hydralisk x5  
  90  27:15  Hydralisk  
  107  27:45  Hydralisk x2  
  107  27:46  Hydralisk x2  
  107  27:50  Hydralisk  
  117  28:20  Drone x2  
  117  28:21  Drone x3  
  122  28:42  Hydralisk x6  
  45  29:18  Hydralisk x4  
  45  29:21  Zergling x10  
Show
View Real Time Build Order
Export as new Build Order

Holynex Terran - Winner!

Build Orders: 1/1/1, Bio Tank 

Get SALT Encoding   

  12  0:01  SCV  
  13  0:14  SCV  
  14  0:22  Supply Depot  
  14  0:26  SCV  
  15  0:28  Refinery  
  15  0:45  Barracks  
  15  0:49  Refinery  
  15  0:52  SCV  
  16  1:04  SCV  
  17  1:16  SCV  
  18  1:28  SCV  
  19  1:33  Marine, Factory  
  20  1:40  SCV  
  20  1:44  Supply Depot  
  21  1:53  SCV, Barracks Tech Lab  
  22  2:05  SCV  
  23  2:11  Marine  
  24  2:16  Factory Tech Lab  
  24  2:20  Starport  
  24  2:28  SCV  
  24  2:29  Marine  
  26  2:38  Siege Tank  
  29  2:46  Supply Depot  
  29  2:55  Medivac  
  31  3:06  Orbital Command  
  31  3:07  Marine  
  31  3:12  Combat Shields  
  32  3:21  Engineering Bay  
  32  3:38  Marine  
  32  3:39  Barracks  
  33  3:45  Siege Tank  
  36  3:54  Supply Depot  
  29  4:18  Medivac  
  31  4:27  Command Center  
  31  4:30  Barracks Reactor  
  31  4:39  Marine  
  31  4:44  Siege Tank  
  35  4:57  Marine  
  36  5:00  Starport Tech Lab  
  36  5:04  Factory  
  36  5:07  Terran Infantry Weapons Level 1  
  36  5:20  Sensor Tower  
  36  5:30  Marine x3  
  39  5:35  Siege Tank  
  42  5:54  SCV  
  43  6:02  Factory Tech Lab  
  43  6:04  Marine x3  
  43  6:06  SCV  
  43  6:08  Siege Tank, Supply Depot  
  50  6:11  Supply Depot  
  50  6:18  Stimpack  
  50  6:28  SCV  
  50  6:32  Refinery  
  51  6:35  SCV  
  52  6:40  SCV  
  53  6:48  SCV  
  55  6:54  SCV  
  55  7:00  SCV  
  56  7:04  Refinery  
  56  7:06  SCV  
  57  7:12  SCV  
  58  7:18  SCV, Marine x3, Starport  
  62  7:24  SCV  
  62  7:26  Armory  
  63  7:30  SCV  
  64  7:46  Planetary Fortress  
  64  7:49  SCV  
  65  7:52  Terran Infantry Armor Level 1  
  65  7:56  Starport Tech Lab, Supply Depot  
  65  7:57  Supply Depot  
  65  8:01  SCV  
  65  8:03  Siege Tank x2  
  72  8:13  SCV  
  73  8:48  Marine x3  
  56  9:06  Marine x2  
  49  9:13  Marine  
  49  9:15  Siege Tank x2  
  50  9:24  Marine  
  42  9:52  Command Center, Medivac  
  44  9:53  Marine x2  
  44  9:55  Siege Tank x2  
  44  9:57  Medivac  
  54  10:11  Marine x2  
  54  10:13  Supply Depot  
  56  10:15  Supply Depot  
  56  10:16  Supply Depot  
  56  10:26  Terran Vehicle Weapons Level 1  
  56  10:28  Terran Infantry Weapons Level 2  
  56  10:29  Marine  
  57  10:44  Marine  
  57  10:47  Marine  
  59  10:51  Siege Tank  
  62  11:05  Supply Depot  
  62  11:06  Siege Tank  
  62  11:07  Supply Depot  
  63  12:21  Marine x2, Command Center  
  65  12:55  SCV  
  66  13:00  SCV  
  67  13:08  SCV  
  68  13:20  SCV  
  69  13:29  SCV  
  69  13:32  SCV  
  71  13:41  SCV  
  71  13:44  SCV  
  73  13:54  SCV  
  74  13:55  Siege Tank  
  74  13:56  Siege Tank  
  74  13:57  SCV, Marine  
  74  13:58  Marine  
  74  14:02  Refinery  
  83  14:06  SCV, Sensor Tower  
  84  14:10  Planetary Fortress  
  84  14:15  Marine  
  85  14:18  SCV  
  85  14:19  SCV  
  87  14:25  Terran Vehicle And Ship Armor Level 1  
  87  14:30  SCV  
  88  14:31  SCV  
  88  14:36  Marine x2  
  91  14:42  SCV  
  91  14:43  SCV  
  93  14:49  Refinery  
  93  14:51  SCV  
  94  14:54  Marine, SCV  
  94  14:57  Viking  
  98  15:01  Viking  
  98  15:03  SCV  
  98  15:06  SCV  
  102  15:15  SCV  
  102  15:16  Missile Turret  
  102  15:18  Missile Turret  
  103  15:21  Missile Turret  
  103  15:23  Missile Turret  
  103  15:45  Marine x2  
  103  15:47  Viking  
  103  15:48  Viking  
  109  15:53  Supply Depot  
  109  15:55  Supply Depot  
  109  16:03  Marine  
  96  16:26  Marine x2  
  96  16:28  Siege Tank x2  
  78  17:00  Siege Tank  
  51  17:23  Siege Tank  
  49  17:32  Siege Tank  
  46  17:51  SCV  
  45  17:55  Hellion  
  47  18:03  SCV  
  47  18:04  Siege Tank  
  51  18:09  Barracks  
  51  18:10  Barracks x2  
  51  18:11  Banshee  
  51  18:12  Banshee  
  57  18:15  SCV  
  57  18:17  Hellion  
  57  18:18  SCV  
  61  18:30  SCV  
  62  18:36  Siege Tank  
  62  18:38  Cyclone  
  68  18:54  Banshee  
  71  19:03  Command Center  
  71  19:04  Barracks Reactor  
  71  19:08  Hellion  
  67  19:46  Barracks Reactor  
  67  19:47  Barracks Reactor  
  67  19:50  SCV  
  63  20:02  SCV  
  63  20:06  SCV  
  65  20:11  Sensor Tower  
  65  20:13  Sensor Tower  
  65  20:14  SCV  
  65  20:15  SCV  
  65  20:18  SCV  
  65  20:20  Sensor Tower  
  68  20:26  SCV  
  68  20:27  Viking x2  
  68  20:28  SCV  
  74  20:30  SCV  
  74  20:38  SCV  
  74  20:40  SCV  
  74  20:41  Marine x3  
  74  20:42  Marine x2  
  81  20:52  Cloaking Field  
  81  20:56  Siege Tank  
  84  20:58  SCV  
  85  21:10  Supply Depot  
  85  21:11  SCV, Supply Depot  
  86  21:13  Terran Ship Weapons Level 1  
  86  21:25  SCV  
  87  21:37  SCV  
  88  21:53  Sensor Tower  
  88  21:58  Siege Tank x2  
  88  22:00  Supply Depot  
  94  22:02  Supply Depot  
  94  22:06  Terran Infantry Weapons Level 3  
  94  22:08  SCV  
  95  22:17  Command Center  
  95  22:20  SCV  
  96  22:26  Supply Depot  
  96  22:29  Marine x6  
  101  22:33  Siege Tank x2  
  101  22:36  Viking  
  110  22:38  Viking  
  112  22:45  Supply Depot  
  112  22:46  Marine  
  112  22:47  Marine x2  
  115  23:05  Thor  
  121  23:06  Fusion Core  
  121  23:15  Terran Vehicle Weapons Level 2, Supply Depot  
  121  23:40  Marine x3  
  121  23:41  Marine x2  
  126  24:17  Battlecruiser x2  
  126  24:21  Thor  
  144  24:31  Supply Depot  
  141  24:43  Terran Infantry Armor Level 2  
  135  25:10  Thor  
  135  25:11  Thor  
  147  25:21  Battlecruiser  
  100  25:43  Banshee  
  100  25:46  Marine x4  
  100  25:47  Marine  
  82  26:03  Refinery  
  82  26:04  Marine x3  
  82  26:09  Marine x2  
  87  26:12  Refinery  
  87  26:13  Siege Tank  
  87  26:15  Siege Tank  
  93  26:22  Marine x2  
  93  26:25  Banshee  
  98  26:38  Starport  
  98  26:40  Factory  
  98  26:45  SCV  
  99  26:57  SCV  
  99  26:59  Siege Tank x2  
  106  27:05  Marine x2  
  106  27:06  Marine  
  109  27:22  Battlecruiser  
  115  27:24  Factory Tech Lab  
  115  27:25  Starport Tech Lab  
  115  27:31  Siege Tank x2  
  115  27:32  Battlecruiser  
  115  27:36  Weapon Refit  
  127  27:42  Orbital Command  
  127  27:56  SCV  
  128  28:08  SCV  
  128  28:09  Battlecruiser  
  128  28:11  Thor  
  141  28:15  Barracks Reactor  
  141  28:32  Battlecruiser  
  114  29:32  Marine x6  
Tags
 
Composition
Bio Tank
League
Gold
Matchup
TvZ
Spawn Locations
Cross Positions
Add a new tag
Caveats
  • Supply blocks, unpowered buildings, or Contaminate may cause inaccurate times.
  • Supply counts are checked every 10 seconds.